 Dungeon Crawl Stone Soup version 0.29.0-4-gdea44cf6ec (webtiles) character file.

Game seed: 17214855897540250728

19 qw the Firebug (level 2, 0/23 HPs)
             Began as a Ghoul Fire Elementalist on Aug 29, 2022.
             Slain by an adder (1 damage)
             ... on level 2 of the Dungeon.
             The game lasted 00:01:02 (1094 turns).

qw the Firebug (Ghoul Fire Elementalist)            Turns: 1094, Time: 00:01:02

Health: 0/23       AC:  8    Str: 11    XL:     2   Next: 75%
Magic:  3/3        EV:  4    Int: 10    God:
Gold:   80         SH:  2    Dex:  9    Spells: 3/4 levels left

rFire   . . .      SeeInvis .     - Unarmed
rCold   + . .      Faith    .   d - +0 buckler
rNeg    + + +      Spirit   .   g - +0 chain mail
rPois   inf        Reflect  .   (no helmet)
rElec   .          Harm     .   (no cloak)
rCorr   .          Rampage  .   (no gloves)
Will    .....                   (no boots)
Stlth   ..........              (no amulet)
HPRegen 0.00/turn               (no ring)
MPRegen 0.08/turn               (no ring)

@: inhibited regen
A: claws 1, cold resistance 1, negative energy resistance 3, inhibited
regeneration, torment resistance 2, devour on kill
a: no special abilities


You were on level 2 of the Dungeon.
You visited 1 branch of the dungeon, and saw 2 of its levels.

You collected 80 gold pieces.


Innate Abilities, Weirdness & Mutations

You are immune to poison.
You have sharp fingernails.
Your flesh is cold resistant. (rC+)
You are immune to negative energy. (rN+++)
You do not regenerate when monsters are visible.
You are immune to unholy pain and torment.
You thrive by killing the living.


   Skills:
 - Level 1.3 Fighting
 - Level 1.7 Dodging
 - Level 2.1 Stealth
 + Level 2.0 Unarmed Combat
 - Level 1.7 Spellcasting
 - Level 0.7 Conjurations
 - Level 2.4 Fire Magic


You had 3 spell levels left.
You knew the following spells:

 Your Spells              Type           Power      Damage    Failure   Level
a - Foxfire               Conj/Fire      16%        2x1d4     100%        1

Your spell library contained the following spells:

 Spells                   Type           Power      Damage    Failure   Level
 Scorch                   Fire           10%        2d5       100%        2
 Conjure Flame            Conj/Fire      4%         6-21      100%        3
 Inner Flame              Hex/Fire       3%         N/A       100%        3
 Flame Wave               Conj/Fire      4%         2d5       100%        4

Inventory:

Armour
 d - a +0 buckler (worn)
 g - a +0 chain mail (worn)
Potions
 f - 2 potions of curing

Dungeon Overview and Level Annotations

Branches:
Dungeon (2/15)

Altars:


Message History

You closely miss the adder.
The adder is heavily wounded.
The adder bites you but does no damage. x2
You scratch the adder.
The adder is almost dead.
You block the adder's attack.
You miss the adder.
The adder is almost dead.
The adder bites you.
You barely miss the adder.
The adder is almost dead.
The adder bites you. The adder bites you but does no damage.
You closely miss the adder.
The adder is almost dead.
The adder bites you but does no damage.
You closely miss the adder.
The adder is almost dead.
The adder bites you but does no damage.
You closely miss the adder.
The adder is almost dead.
The adder bites you. The adder barely misses you.
You barely miss the adder.
The adder is almost dead.
The adder bites you but does no damage.
You closely miss the adder.
The adder is almost dead.
The adder bites you but does no damage.
You closely miss the adder.
The adder is almost dead.
The adder bites you but does no damage.
You scratch the adder but do no damage.
The adder is almost dead.
The adder bites you. x2
You miss the adder.
The adder is almost dead.
The adder bites you but does no damage.
You scratch the adder but do no damage.
The adder is almost dead.
The adder bites you.
You die...

......... .###
#....... ... #......
#.. #...... ..#.####
##.<.... # .....#
####.......
#.###..####..........
#[rS........###......
S.....?#@########
#...... ##.###.#.#
#...... ..#.# #######
.....# #######


You could see an adder and a rat.

Vanquished Creatures
  A worm (D:2)
  A giant cockroach (D:1)
  2 hobgoblins (D:1)
  A kobold (D:1)
  2 quokkas
  2 ball pythons
  4 bats (D:1)
  A frilled lizard (D:1)
  2 goblins (D:1)
  A rat (D:1)
17 creatures vanquished.

Notes
Turn   | Place    | Note
-------+----------+-------------------------------------------
     0 | D:1      | qw the Ghoul Fire Elementalist began the quest for the Orb.
     0 | D:1      | Reached XP level 1. HP: 14/14 MP: 2/2
     0 | D:1      | 0 ||| qw: Version: 0.1-a-90-g952f4b7
     0 | D:1      | 0 ||| qw: Game counter: 3796
     0 | D:1      | 0 ||| qw: Always use a shield: true
     0 | D:1      | 0 ||| qw: God list: Okawaru
     0 | D:1      | 0 ||| qw: Allow faded altars: false
     0 | D:1      | 0 ||| qw: Do Orc after D:15 true
     0 | D:1      | 0 ||| qw: Do second Lair branch before Depths: true
     0 | D:1      | 0 ||| qw: Lair rune preference: random
     0 | D:1      | 0 ||| qw: Plans: Normal
     0 | D:1      | 0 ||| PLANNING D:1-11
   112 | D:1      | 112 ||| Stepping ~*~*~tactically~*~*~ (outnumbered).
   113 | D:1      | 113 ||| Stepping ~*~*~tactically~*~*~ (outnumbered).
   114 | D:1      | 114 ||| Stepping ~*~*~tactically~*~*~ (outnumbered).
   127 | D:1      | Reached skill level 1 in Unarmed Combat
   319 | D:1      | Reached skill level 1 in Fighting
   319 | D:1      | Reached XP level 2. HP: 23/23 MP: 3/3
   736 | D:1      | 736 ||| UPGRADING to +0 buckler.
   741 | D:1      | 741 ||| UPGRADING to +0 chain mail.
   751 | D:1      | 751 ||| DROPPING +0 robe.
   752 | D:1      | 752 ||| READING 2 scrolls labelled YQYGUTZEUT.
   753 | D:1      | 753 ||| READING scroll labelled PAINTI NUATSI.
   754 | D:1      | 754 ||| READING scroll labelled RIEDELA UN MIGG.
   758 | D:1      | 758 ||| READING scroll labelled ACZEUGR QEUWN.
   759 | D:1      | 759 ||| DRINKING 2 ruby potions.
   760 | D:1      | 760 ||| DROPPING potion of magic.
   761 | D:1      | 761 ||| DROPPING scroll of noise.
   787 | D:2      | HP: 3/23 [worm (7)]
   791 | D:2      | 791 ||| STAIRDANCE
  1061 | D:2      | 1061 ||| Stepping ~*~*~tactically~*~*~ (stealth).
  1085 | D:2      | HP: 5/23 [adder (2)]
  1092 | D:2      | HP: 3/23 [adder (1)]
  1092 | D:2      | HP: 1/23 [adder (2)]
  1094 | D:2      | Slain by an adder

Levels and vault maps discovered:
D:1:      dpeg_arrival_concentric_ovals, layout_rooms, kennysheep_nondescript
D:2:      layout_rooms, shapermc_ecumenical_altar_acropolis, minmay_tromino_i4,
          uniq_sigmund

Skill      XL: |  1  2 |
---------------+-------+-----
Unarmed Combat | 1 2 |  2.0
Fighting       | 1 |  1.3
Dodging        | |  1.7
Stealth        | |  2.1
Spellcasting   | |  1.7
Conjurations   | |  0.7
Fire Magic     | |  2.4

Action                   || total
-------------------------++-------
Melee: Unarmed           ||   100
       Punch             ||     1
  Use: Scroll            ||     4
       Potion            ||     1
Armor: Robe              ||    10
       Chain mail        ||    23
Dodge: Dodged            ||    36
Block: Buckler           ||     4

Table legend:
 A = Non-vault XP
 B = Vault XP
 C = Vault XP percentage of total XP
 D = Non-vault monster count
 E = Vault monster count
 F = Vault count percentage of total count
                 A         B        C        D         E       F
            +---------+---------+-------+---------+---------+-------
      Total |      26 |       2 |   7.1 |      16 |       1 |   5.9
            +---------+---------+-------+---------+---------+-------
        D:1 |      20 |       0 |   0.0 |      14 |       0 |   0.0
        D:2 |       6 |       2 |  25.0 |       2 |       1 |  33.3
            +---------+---------+-------+---------+---------+-------
